 Dungeon Crawl Stone Soup version 0.21-b1-23-g1fb0a74 (webtiles) character file.

3112 polly the Basher (level 9, 0/56 HPs)
             Began as a Gargoyle Berserker on Jan 5, 2018.
             Was an Elder of Trog.
             Slain by a five-headed hydra (5 damage)
             ... on level 7 of the Dungeon.
             The game lasted 00:10:43 (7016 turns).

polly the Basher (Gargoyle Berserker)               Turns: 7016, Time: 00:10:43

Health: 0/56       AC: 19    Str: 26    XL:     9   Next: 91%
Magic:  9/9        EV: 10    Int:  8    God:    Trog [****..]
Gold:   428        SH:  4    Dex: 12    Spells: 8/8 levels left

rFire    . . .     SeeInvis .   a - +0 mace
rCold    . . .     Gourm    .   r - +0 buckler
rNeg     + . .     Faith    .   E - +0 chain mail
rPois    ∞         Spirit   .   (no helmet)
rElec    +         Reflect  .   d - +2 cloak
rCorr    +         Harm     .   (no gloves)
MR       .....                  (no boots)
Stlth    ..........             (no amulet)
HPRegen  0.18/turn              g - +3 ring of slaying
MPRegen  0.11/turn              q - ring of resist corrosion

@: mighty, berserk cooldown, slowed, very slow
A: negative energy resistance 1, electricity resistance, unbreathing,
petrification resistance, rot immunity, AC +6
a: Berserk, Trog's Hand, Brothers in Arms, Burn Spellbooks, Renounce Religion


You were on level 7 of the Dungeon.
You worshipped Trog.
Trog was greatly pleased with you.
You were near starving.

You visited 1 branch of the dungeon, and saw 7 of its levels.

You collected 428 gold pieces.

Inventory:

Hand Weapons
 a - a +0 mace (weapon)
Armour
 d - a +2 cloak (worn)
 r - a +0 buckler (worn)
 E - a +0 chain mail (worn)
Jewellery
 g - a +3 ring of slaying (left hand)
 q - a ring of resist corrosion (right hand)
Wands
 s - a wand of scattershot (2)
 C - a wand of iceblast (5)
Scrolls
 b - 4 scrolls of amnesia {unknown}
 k - 3 scrolls of remove curse
 l - a scroll of immolation {unknown}
 o - 4 scrolls of teleportation {unknown}
 t - a scroll of identify
 u - a scroll of enchant weapon {unknown}
 w - a scroll of random uselessness {unknown}
 y - 2 scrolls of acquirement {unknown}
 A - a scroll of enchant armour {unknown}
Potions
 f - 2 potions of berserk rage
 i - a potion of curing
 n - 3 potions of haste {unknown}
 p - 4 potions of heal wounds {unknown}
 v - 2 potions of lignification {unknown}
 z - 2 potions of brilliance
 B - a potion of agility {unknown}
 D - 2 potions of mutation {unknown}
 F - a potion of resistance
Books
 x - a book of Callings

   Spells                             Type                      Level
   a - Summon Small Mammal            Summoning                    1
   b - Call Imp                       Summoning                    2
   c - Call Canine Familiar           Summoning                    3
   d - Summon Guardian Golem          Hexes/Summoning              3
   e - Summon Lightning Spire         Summoning/Air                4
   f - Summon Ice Beast               Ice/Summoning                4
   Trog disapproves of the use of such an item.
 G - a book of Battle

   Spells                             Type                      Level
   a - Infusion                       Charms                       1
   b - Shroud of Golubria             Charms/Translocation         2
   c - Song of Slaying                Charms                       2
   d - Spectral Weapon                Hexes/Charms                 3
   e - Regeneration                   Charms/Necromancy            3
   Trog disapproves of the use of such an item.
Comestibles
 c - 10 rations


   Skills:
 + Level 6.8 Fighting
 + Level 9.6 Maces & Flails
 + Level 6.1 Armour
 + Level 4.2 Dodging
 + Level 2.5 Stealth
 + Level 3.4 Shields
 + Level 0.2 Evocations


You had 8 spell levels left.
You didn't know any spells.

Dungeon Overview and Level Annotations

Branches:
Dungeon (7/15)             Temple (0/1) D:5

Altars:
Fedhas
Hepliaklqana
Makhleb
Okawaru
Qazlal
Trog
Uskayaw
Xom
Yredelemnul


Innate Abilities, Weirdness & Mutations

You are resistant to torment.
Your stone body is resilient. (AC +6)
You are immune to poison.
You resist negative energy. (rN+)
You are resistant to electric shocks. (rElec)
You can survive without breathing.
You are immune to petrification.
You are immune to rotting.


Message History

The five-headed hydra bites you but does no damage. x2
The five-headed hydra bites you!
* * * LOW HITPOINT WARNING * * *
The five-headed hydra bites you but does no damage.
You feel better.
The crimson imp blinks!
The five-headed hydra bites you but does no damage.
The five-headed hydra bites you!
* * * LOW HITPOINT WARNING * * *
The five-headed hydra bites you but does no damage.
You block the five-headed hydra's attack.
The five-headed hydra bites you but does no damage.
The crimson imp blinks!
You block the five-headed hydra's attack.
The five-headed hydra bites you.
* * * LOW HITPOINT WARNING * * *
The five-headed hydra bites you but does no damage. x3
You feel better. The five-headed hydra bites you!
* * * LOW HITPOINT WARNING * * *
The five-headed hydra bites you.
You die...

.........'.....................
.........#.#...#..#...####.#.#.
.........#.#.....)..### #.#.#.
.........#........#### #.#.'.
.........###....###..# #.###.
#######..#...####..# #.# #.
##...###...D.# #.# ##
#...###♣.###..)[# #.## #
#...###♣5..@####..# #..# #
...###♣....♣#D###### #..# #
.###♣.†..P..##.#.## #..###
#.....P_..♣#.#.#.#### #..#..
###♣....P..##.#.#.#.###.....
#####♣....♣#.#.#.#.#).#.##..
#..####♣...##.#.#.#.###.##..
#..#####♣.#.#.#.####...##..
#..##..#..######.#.###...####..


You could see a five-headed hydra and a crimson imp.

Vanquished Creatures
  An ugly thing (D:7)
  A hippogriff (D:6)
  An orc warrior (D:7)
  4 ogres
  2 centaurs
  4 bullfrogs
  A scorpion (D:5)
  4 killer bees (D:7)
  4 wights (D:7)
  2 crimson imps
  4 centaur zombies
  4 orc priests
  4 orc wizards
  3 jellies
  Natasha (thrice) (D:4)
  An iguana (D:7)
  4 worker ants
  A howler monkey zombie (D:5)
  9 gnolls
  8 adders
  A shadow imp (D:6)
  2 oozes
  2 adder zombies (D:7)
  2 adder skeletons
  4 worms
  2 leopard geckos
  13 orcs
  4 giant cockroaches
  9 goblins
  9 hobgoblins
  6 jackals
  A quokka (D:2)
  2 ball pythons
  8 bats
  3 frilled lizards
  7 kobolds
  A leopard gecko skeleton (D:5)
  A quokka skeleton (D:5)
  7 rats
149 creatures vanquished.

Notes
Turn   | Place    | Note
-------+----------+-------------------------------------------
     0 | D:1      | polly the Gargoyle Berserker began the quest for the Orb.
     0 | D:1      | Reached XP level 1. HP: 14/14 MP: 1/1
   162 | D:1      | Reached XP level 2. HP: 15/19 MP: 2/2
   523 | D:1      | Reached XP level 3. HP: 8/24 MP: 3/3
   759 | D:1      | Found a hazy altar of Hepliaklqana.
  1155 | D:2      | Reached ** piety under Trog
  1370 | D:2      | Found a stormy altar of Qazlal.
  1437 | D:2      | Reached XP level 4. HP: 29/29 MP: 4/4
  1768 | D:3      | Found a burning altar of Makhleb.
  1807 | D:3      | Reached skill level 4 in Maces & Flails
  2073 | D:3      | Reached XP level 5. HP: 24/33 MP: 5/5
  2646 | D:4      | Found an iron altar of Okawaru.
  2948 | D:4      | Reached XP level 6. HP: 27/39 MP: 6/6
  2955 | D:4      | Reached skill level 5 in Maces & Flails
  3170 | D:4      | Noticed Natasha
  3177 | D:4      | Killed Natasha
  3318 | D:4      | Reached *** piety under Trog
  3364 | D:4      | Noticed Natasha
  3369 | D:4      | Killed Natasha
  3490 | D:4      | Noticed Natasha
  3496 | D:4      | Killed Natasha
  3600 | D:5      | Entered Level 5 of the Dungeon
  3600 | D:5      | Found a shimmering altar of Xom.
  3627 | D:5      | Reached skill level 1 in Shields
  3627 | D:5      | Reached XP level 7. HP: 44/44 MP: 7/7
  3761 | D:5      | Reached skill level 1 in Stealth
  3762 | D:5      | Found a staircase to the Ecumenical Temple.
  3804 | D:5      | Reached skill level 6 in Maces & Flails
  3986 | D:5      | Reached skill level 5 in Fighting
  4427 | D:5      | Reached XP level 8. HP: 47/49 MP: 8/8
  5124 | D:6      | Reached skill level 7 in Maces & Flails
  5418 | D:6      | Found a hide-covered altar of Uskayaw.
  5742 | D:6      | Noticed a hippogriff
  5755 | D:6      | Killed a hippogriff
  5755 | D:6      | Reached skill level 5 in Armour
  6026 | D:7      | Reached skill level 8 in Maces & Flails
  6026 | D:7      | Reached XP level 9. HP: 44/55 MP: 9/9
  6385 | D:7      | Reached **** piety under Trog
  6429 | D:7      | Reached skill level 9 in Maces & Flails
  6832 | D:7      | Found a bloodstained altar of Trog.
  6842 | D:7      | Found a basalt altar of Yredelemnul.
  6959 | D:7      | Found a blossoming altar of Fedhas.
  6981 | D:7      | Noticed a white ugly thing
  6986 | D:7      | Noticed a five-headed hydra
  7002 | D:7      | Killed a white ugly thing
  7016 | D:7      | Slain by a five-headed hydra

Skill      XL: |  1  2  3  4  5  6  7  8  9 |
---------------+----------------------------+-----
Dodging        | 2 3 4 |  4.2
Fighting       | 4 5 6 |  6.8
Maces & Flails | 4 5 6 8 9 |  9.6
Armour         | 3 4 5 6 |  6.1
Shields        | 1 2 3 |  3.4
Stealth        | 1 2 |  2.5
Evocations     | |  0.2

Action                   |  1- 3 |  4- 6 |  7- 9 || total
-------------------------+-------+-------+-------++-------
Melee: Mace              |   103 |   136 |   319 ||   558
Invok: Berserk           |     1 |     2 |     8 ||    11
       Burn Spellbooks   |       |       |     1 ||     1
       Trog's Hand       |       |       |     1 ||     1
Evoke: Wand              |       |       |     3 ||     3
  Use: Scroll            |       |     3 |     7 ||    10
       Potion            |       |       |     4 ||     4
 Stab: Distracted        |       |       |     1 ||     1
       Sleeping          |       |       |     1 ||     1
  Eat: Chunk             |     2 |     8 |     8 ||    18
       Ration            |       |       |     3 ||     3
Armor: Animal skin       |    32 |       |       ||    32
       Ring mail         |    22 |    79 |   129 ||   230
       Chain mail        |       |       |    38 ||    38
Dodge: Dodged            |    75 |    83 |   159 ||   317
Block: Buckler           |       |    27 |    67 ||    94
